 Dungeon Crawl Stone Soup version 0.30-a0-739-gea05faddec (webtiles) character file.

Game seed: 8286699119746705160

52 CannotBeFrozen the Slasher (level 3, -3/24 (29) HPs)
             Began as a Demigod Warper on Feb 4, 2023.
             Slain by an orc
             ... wielding a +0 war axe
              (6 damage)
             ... on level 4 of the Dungeon.
             The game lasted 00:05:33 (1053 turns).

CannotBeFrozen the Slasher (Demigod Warper)         Turns: 1053, Time: 00:05:34

HP:   -3/24 (29)    AC:  5    Str: 12    XL:     3   Next: 39%
MP:   4/8           EV: 10    Int: 19    God:
Gold: 80            SH:  5    Dex: 13    Spells: 3/5 levels left

rFire   . . .      SeeInvis .    b - +2 sling (elec)
rCold   . . .      Faith    .    (no shield)
rNeg    . . .      Spirit   .    e - +0 ring mail
rPois   .          Reflect  +    (no helmet)
rElec   .          Harm     .    (no cloak)
rCorr   .          Rampage  .    (no gloves)
Will    .....                    (no boots)
Stlth   +                        l - amulet of reflection
HPRegen 0.24/turn                (no ring)
MPRegen 0.11/turn                (no ring)

@: very slightly contaminated, heavily drained
A: high MP 1, forlorn, divine attributes
a: no special abilities


You were on level 4 of the Dungeon.
You visited 1 branch of the dungeon, and saw 3 of its levels.

You collected 80 gold pieces.

Inventory:

Hand Weapons
 a - a +0 falchion
 b - a +2 sling of electrocution (weapon)
Missiles
 d - 7 boomerangs of dispersal {=f=F}
 i - 2 atropa-tipped darts {=f=F}
Armour
 e - a +0 ring mail (worn)
Jewellery
 l - an amulet of reflection (around neck)
Scrolls
 c - 2 scrolls of blinking
 h - 2 scrolls of identify {unknown}
 j - a scroll of vulnerability {unknown}
 k - a scroll of teleportation {unknown}
Potions
 g - a potion of curing {unknown}
 m - a potion of heal wounds {unknown}
 n - a potion of haste {unknown}
 o - a potion of invisibility {unknown}
 p - a potion of mutation {unknown}


   Skills:
 - Level 1.7 Fighting
 + Level 3.6 Long Blades
 - Level 0.8 Throwing
 - Level 0.8 Armour
 - Level 1.7 Dodging
 - Level 1.7 Spellcasting
 - Level 2.6 Translocations


You had 3 spell levels left.
You knew the following spells:

 Your Spells              Type           Power      Damage    Failure   Level
z - Blink                 Tloc           22%        N/A       21%         2

Your spell library contained the following spells:

 Spells                   Type           Power      Damage    Failure   Level
 Lesser Beckoning         Tloc           22%        N/A       21%         2
 Teleport Other           Tloc           11%        N/A       36%         3
 Vhi's Electric Charge    Tloc/Air       12%        N/A       56%         3
 Manifold Assault         Tloc           11%        N/A       78%         4


Dungeon Overview and Level Annotations

Branches:
Dungeon (2/15)


Innate Abilities, Weirdness & Mutations

You have an increased reservoir of magic. (+10% MP)
You shall have no god before yourself.
Your divine heritage dramatically boosts your attributes as you level up.


Message History

The atropa-tipped dart {=f=F} hits the quokka.
The quokka appears confused.
The quokka is lightly wounded.
The quokka closely misses the orc.
The quokka seems less confused.
The quokka is no longer blind.
Throw: stone
Press: ? - help, Q - select action, (/) - cycle Shift-Dir - straight line, f - orc, p - quokka
Aim: an orc, wielding a +0 war axe (moderately wounded, 56% to hit)
You throw a stone. The stone hits the quokka.
The quokka is heavily wounded.
Fire: b) +2 sling (elec)
Press: ? - help, Q - select action Shift-Dir - straight line, f/p - orc
Aim: an orc, wielding a +0 war axe (moderately wounded, 56% to hit)
You shoot a sling bullet.
The sling bullet hits the quokka but does no damage.
The quokka is heavily wounded.
The quokka twitches its whiskers.
The quokka bites you.
* * * LOW HITPOINT WARNING * * *
HP: 2/23 (-2) =----------- Fire: b) +2 sling (elec)
Press: ? - help, Q - select action Shift-Dir - straight line, f/p - orc
Aim: an orc, wielding a +0 war axe (moderately wounded, 56% to hit)
You shoot a sling bullet. The sling bullet hits the quokka.
You kill the quokka!
Fire: b) +2 sling (elec)
Press: ? - help, Q - select action Shift-Dir - straight line, f - orc, p - orc
Aim: an orc, wielding a +0 short sword (56% to hit)
You shoot a sling bullet. The sling bullet hits the orc.
Lightning courses through the orc!!
You kill the orc!
Casting: Blink (safe; 21% risk of failure)
Confirm with . or Enter, or press ? or * to list all spells.
You miscast Blink.
You are very lightly contaminated with residual magic.
Nothing appears to happen.
* * * LOW MAGIC WARNING * * *
The orc hits you with a +0 war axe.
You die...

###
#@#
#o#
#o#
#.#
#.#
#.#
#.#
#.#
#.#


You could see 2 orcs.

Vanquished Creatures
  2 adders (D:2)
  2 orcs (D:4)
  4 bats
  4 endoplasms
  A giant cockroach (D:1)
  A goblin (D:1)
  2 hobgoblins
  4 jackals (D:2)
  A quokka (D:4)
  2 ball pythons (D:1)
  A frilled lizard (D:2)
  3 kobolds
  2 rats (D:1)
29 creatures vanquished.

Notes
Turn   | Place    | Note
-------+----------+-------------------------------------------
     0 | D:1      | CannotBeFrozen the Demigod Warper began the quest for the
                  | Orb.
     0 | D:1      | Reached XP level 1. HP: 17/17 MP: 5/5
    82 | D:1      | Reached skill level 2 in Long Blades
   356 | D:1      | Reached XP level 2. HP: 23/24 MP: 7/7
   359 | D:1      | Learned a level 2 spell: Blink
   650 | D:2      | Reached skill level 3 in Long Blades
   804 | D:2      | Reached XP level 3. HP: 23/29 MP: 8/8
   980 | D:2      | You fall into a shaft and drop 2 floors!
  1053 | D:4      | Slain by an orc

Illustrated notes

Levels and vault maps discovered:
D:1:      dpeg_arrival_windows_large_door, layout_basic
D:2:      layout_basic
D:4:      layout_basic, slow_altar_2, mainiacjoe_overflow_catwalk,
          serial_bayou_lagoon_a, minmay_misc_feat_roman,
          uniq_crazy_yiuf_cottage, uniq_duvessa

Skill      XL: |  1  2 |
---------------+-------+-----
Long Blades    | 2 3 |  3.6
Fighting       | |  1.7
Throwing       | |  0.8
Armour         | |  0.8
Dodging        | |  1.7
Spellcasting   | |  1.7
Translocations | |  2.6

Action                     || total
---------------------------++-------
  Melee: Falchion          ||    24
         Punch             ||     1
   Fire: Sling             ||    58
  Throw: Stone             ||    22
         Dart              ||     1
   Cast: Blink             ||     3
 Armour: Ring mail         ||    27
         Leather armour    ||     3
  Dodge: Dodged            ||    51
  Block: Other             ||    11

Table legend: (Time is in decaauts)
 A = Elapsed time spent in this place.
 B = Non-inter-level travel time spent in this place.
 C = Inter-level travel time spent in this place.
 D = Time resting spent in this place.
 E = Time spent auto-exploring this place.
 F = Levels seen in this place.
 G = Mean time per level.
                   A        B        C        D        E       F      G
               +--------+--------+--------+--------+--------+-----+--------+
         Total |   1088 |   1080 |      8 |     26 |    614 |   3 |  362.7 |
       Dungeon |   1088 |   1080 |      8 |     26 |    614 |   3 |  362.7 |
               +--------+--------+--------+--------+--------+-----+--------+

Top non-repeatable levels by time:
     D:1: 572 daAuts
     D:2: 437 daAuts
     D:4: 78 daAuts
